 Dungeon Crawl Stone Soup version 0.31.0-32-g396128a36d (webtiles) character file.

Game seed: 17229558169689099593

12385 Amplified the Grappler (level 11, -7/94 HPs)
             Began as a Pale Draconian Shapeshifter on Apr 15, 2024.
             Was an Initiate of Gozag.
             Engulfed by a cloud of freezing vapour (58 damage)
             ... on level 11 of the Dungeon.
             The game lasted 00:20:23 (11996 turns).

Amplified the Grappler (DrSh)                      Turns: 11996, Time: 00:20:24

Health: -7/94      AC:  8    Str: 21    XL:     11   Next: 61%
Magic:  11/11      EV: 31    Int: 10    God:    Gozag
Gold:   644        SH:  0    Dex: 14    Spells: 10/10 levels left

rFire   + .          .
                       - Unarmed
rCold   . . .        (shield currently unavailable)
rNeg    . . .        (body armour unavailable)
rPois   .            u - +0 hat
rElec   .            (no cloak)
rCorr   .            L - +0 pair of gloves {Str+3}
SInv    +            (no boots)
Will    ++...        B - amulet of the acrobat
Stlth   +            K - ring of the Oni {rF+ Will++ Slay+3}
HPRegen 0.35/turn    l - ring of see invisible
MPRegen 0.12/turn

%: acrobat
@: flux-form, acrobatic, slowed, glowing, studying Conjurations, very slow
A: glow, contaminating, breathe steam, AC +7, unfitting armour, cold-blooded,
steam resistance
a: Breathe Steam, Begin Untransformation, Renounce Religion, Potion Petition,
Call Merchant, Bribe Branch


You were on level 11 of the Dungeon.
You worshipped Gozag.
Gozag was pleased with you.
You were something dangerously unstable.
You visited 2 branches of the dungeon, and saw 12 of its levels.
You also visited: Sewer and Ossuary.

You collected 2265 gold pieces.
You spent 609 gold pieces at shops.
You paid 1012 gold pieces to Gozag.

Inventory:

Hand Weapons
 d - a +2 spectral dagger
Armour
 u - a +0 hat (worn)
 J - a +0 buckler
 L - a +0 pair of gloves of strength (worn)
Jewellery
 f - a ring of willpower
 h - a ring of protection from cold
 j - an amulet of magic regeneration
 l - a ring of see invisible (right hand)
 q - the ring "Ineqil" {Fire rN++ Str-3 Int+3}
   (You found it on level 3 of the Dungeon)

   [ring of fire]

   Fire:      It enhances your fire magic.
   Str-3:     It affects your strength (-3).
   Int+3:     It affects your intelligence (+3).
   rF+:       It protects you from fire.
   rC-:       It makes you vulnerable to cold.
   rN++:      It greatly protects you from negative energy.
 v - the amulet of the Furies {RegenMP *Corrode Str-3 Dex+7}
   (You found it on level 5 of the Dungeon)

   [amulet of magic regeneration]

   RegenMP:   It increases your rate of magic regeneration.
   Str-3:     It affects your strength (-3).
   Dex+7:     It affects your dexterity (+7).
   *Corrode:  It may corrode you when you take damage.
 A - a ring of willpower
 B - an amulet of the acrobat (around neck)
 H - a +6 ring of intelligence
 K - the ring of the Oni (left hand) {rF+ Will++ Slay+3}
   (You bought it in a shop on level 9 of the Dungeon)

   [ring of protection from fire]

   Slay+3:    It affects your accuracy & damage with ranged weapons and melee
   (+3).
   rF+:       It protects you from fire.
   Will++:    It greatly increases your willpower.
 N - a ring of ice
Talismans
 b - a beast talisman
 c - a flux talisman (active)
 y - a storm talisman
Wands
 z - a wand of polymorph (9)
 D - a wand of digging (6)
 E - a wand of charming (5)
 G - a wand of flame (29)
Scrolls
 a - 3 scrolls of noise
 k - 3 scrolls of teleportation
 n - 2 scrolls of immolation
 o - a scroll of brand weapon
 x - 4 scrolls of vulnerability
 I - a scroll of fog
 M - a scroll of amnesia
Potions
 e - a potion of mutation
 g - a potion of cancellation
 i - 4 potions of brilliance
 m - a potion of berserk rage {unknown}
 p - a potion of might
 r - a potion of attraction
 s - 4 potions of haste
 t - a potion of magic
 w - 6 potions of curing {unknown}
 C - a potion of enlightenment
 F - a potion of heal wounds
 O - a potion of lignification


   Skills:
 + Level 8.0 Fighting
 - Level 2.8 Dodging
 * Level 11.5 Unarmed Combat
 + Level 9.6 Conjurations
 * Level 10.7 Shapeshifting


You had 10 spell levels left.
You didn't know any spells.
Your spell library contained the following spells:

 Spells                   Type           Power      Damage    Failure   Level
 Stone Arrow              Conj/Erth      18%        3d8       16%         3
 Sandblast                Erth           0%         2d4       36%         1
 Brom's Barrelling Bould  Conj/Erth      9%         2d3       47%         4
 Passwall                 Erth           0%         N/A       75%         3
 Leda's Liquefaction      Alch/Erth      0%         N/A       98%         4
 Lee's Rapid Deconstruct  Erth           0%         3d4*      100%        5
 Bombard                  Conj/Erth      4%         9d2       100%        6


Dungeon Overview and Level Annotations

Branches:
Dungeon (11/15)            Temple (1/1) D:5            Lair (0/5) D:9
    Orc (0/2) D:10          Sewer (visited)         Ossuary (visited)

Altars:
Ashenzari
Cheibriados
Dithmenos
Elyvilon
Fedhas
Gozag
Hepliaklqana
Kikubaaqudgha
Makhleb
Nemelex Xobeh
Okawaru
Qazlal
Ru
Sif Muna
Trog
Uskayaw
Vehumet
Wu Jian
Xom
Yredelemnul
Zin
The Shining One

Shops:
D:8 [   D:9 *   D:11 :=

Portals:
Bazaar: D:11

Annotations:
D:7 exclusion: statue


Innate Abilities, Weirdness & Mutations

You are something dangerously unstable.
You glow with magical radiation, making you easy to see and hit.
Foes you strike become dangerously contaminated with magical radiation.
You are incapable of wielding weapons or throwing items.
You can breathe blasts of scalding, opaque steam.
Your pale cyan-grey scales are hard. (AC +7)
You cannot fit into any form of body armour.
You are cold-blooded and may be slowed by cold attacks.
You are immune to the effects of steam.


Message History

You recover from your berserk rage.
HP restored.
There is an open door here.
Things that are here:
a +0 giant club; a +0 giant spiked club
There is an entrance to Loute's Book Emporium here.
There is an open door, spattered with blood here.
You hear the stately tolling of a bell nearby.
Found an escape hatch in the ceiling.
You hear the stately tolling of a very distant bell.
x - 4 scrolls of vulnerability (gained 1)
There is an escape hatch in the ceiling here.
There is an escape hatch in the ceiling here.
Found a serpent talisman.
You hear the stately tolling of a very distant bell.
You see here 4 large rocks.
You see here 4 large rocks.
You hear the stately tolling of a distant bell.
There is a stone staircase leading up here.
You see here a staff of death.
You hear the stately tolling of a bell nearby.
Things that are here:
a +0 club; a +0 ring mail
Things that are here:
a +0 dagger; a +0 robe
Found a stone staircase leading up.
Found Iriwizob's Jewellery Emporium.
You are engulfed in freezing vapours.
You feel yourself slow down.
There is a stone staircase leading up here.
There is an entrance to Iriwizob's Jewellery Emporium here.
You are engulfed in freezing vapours.
You enter the shallow water.
Moving in this stuff is going to be slow.
You are engulfed in freezing vapours.
You feel as though you will be slow longer.
You are engulfed in freezing vapours.
You feel as though you will be slow longer.
Ouch! That really hurt!
You die...
Your body crumbles into a pile of gold.

##........#####
...........##.##
...............##
.....)..........####
................##.##
......#............°#
......#.##..°☼○°~°°∩##
.......##...°.°°○°○○<##
#.......#...☼☼☼○p☼○○..#
.......>....○.°○○☼#°..#
.........#...☼°○°##...#
.........#...##☼☼##...#
.........#...##..°#...#
..............#.#....####
#....##.........#....##.#
##....#'#...#...........##
......#.#...###..........#


There were no monsters in sight!

Vanquished Creatures
  Fannar (D:11)
  2 two-headed ogres
  3 cyclopes
  Joseph (D:8)
  A rime drake (D:9)
  Jeremiah (D:8)
  A vampire (D:11)
  3 wyverns
  A shadow (D:10)
  18 yaks
  Grum (D:8)
  An acid dragon (D:9)
  4 orc warriors
  5 ice beasts
  A sky beast (D:5)
  2 black bears
  6 wolves
  2 centaurs
  A phantom (D:4)
  2 kobold brigands
  An elf zombie (Ossuary)
  4 bullfrogs
  A gnoll sergeant (D:8)
  A scorpion (D:5)
  6 wights (D:8)
  A troll zombie (Ossuary)
  14 killer bees
  3 howler monkeys (D:8)
  3 bombardier beetles
  A jelly (D:3)
  4 hounds
  3 centaur zombies (Ossuary)
  11 orc priests
  A gnoll bouda (D:6)
  Terence (D:2)
  2 iguanas
  7 orc wizards
  An ogre zombie (Ossuary)
  8 mummies
  Robin (D:3)
  8 gnolls
  13 adders
  A shadow imp (D:8)
  2 ufetubi (D:5)
  An adder zombie (Ossuary)
  3 dart slugs (D:4)
  2 ribbon worms
  41 orcs
  13 ball pythons
  11 endoplasms
  3 giant cockroaches
  A gnoll zombie (Ossuary)
  8 hobgoblins
  8 jackals
  3 quokkas
  7 bats
  4 frilled lizards
  14 goblins
  3 goblin zombies (Ossuary)
  4 hobgoblin zombies (Ossuary)
  26 kobolds
  3 kobold zombies (Ossuary)
  An orc zombie (Ossuary)
  5 quokka zombies (Ossuary)
  9 rats
  6 rat zombies (Ossuary)
331 creatures vanquished.

Vanquished Creatures (collateral kills)
  A wolf (D:9)
  A wight (D:8)
2 creatures vanquished.

Vanquished Creatures (others)
  A human (D:7)
  A wight (D:8)
2 creatures vanquished.

Grand Total: 335 creatures vanquished

Notes
Turn   | Place    | Note
-------+----------+-------------------------------------------
     0 | D:1      | Amplified the Draconian Shapeshifter began the quest for
                  | the Orb.
     0 | D:1      | Reached XP level 1. HP: 16/16 MP: 1/1
    57 | D:1      | Reached XP level 2. HP: 16/23 MP: 2/2
   564 | D:2      | Reached XP level 3. HP: 29/29 MP: 3/3
   661 | D:2      | Noticed Terence
   819 | D:2      | Reached XP level 4. HP: 36/37 MP: 4/4
   945 | D:2      | Killed Terence
  1264 | D:3      | Noticed a black bear
  1714 | D:4      | Reached XP level 5. HP: 39/44 MP: 5/5
  1724 | D:4      | Found a bloodstained altar of Trog.
  1750 | D:4      | Found a sand-covered staircase.
  1824 | Ossuary  | Entered an ossuary
  1969 | Ossuary  | Reached skill level 4 in Unarmed Combat
  2041 | Ossuary  | Reached XP level 6. HP: 32/51 MP: 6/6
  2635 | Ossuary  | Reached skill level 5 in Unarmed Combat
  2664 | Ossuary  | Reached skill level 5 in Shapeshifting
  2827 | D:4      | Identified a scroll of acquirement
  2827 | D:4      | Acquired a manual of Conjurations
  3038 | D:4      | Your scales start taking on a pale cyan-grey colour.
  3038 | D:4      | Reached XP level 7. HP: 37/57 MP: 7/7
  3038 | D:4      | Gained mutation: You are immune to the effects of steam.
                  | [Pale Draconian growth]
  3205 | D:5      | Entered Level 5 of the Dungeon
  3507 | D:5      | Identified the amulet of the Furies {RegenMP *Corrode Str-3
                  | Dex+7}
  3643 | D:5      | Found a sparkling altar of Nemelex Xobeh.
  3742 | D:5      | Reached skill level 6 in Unarmed Combat
  3742 | D:5      | Reached skill level 1 in Conjurations
  3799 | D:5      | Noticed a two-headed ogre
  3816 | D:5      | Killed a two-headed ogre
  3817 | D:5      | Reached XP level 8. HP: 58/66 MP: 8/8
  3826 | D:5      | Reached skill level 7 in Unarmed Combat
  4226 | D:3      | Found an iron altar of Okawaru.
  4260 | D:3      | Identified the ring "Ineqil" {Fire rN++ Str-3 Int+3}
  4318 | D:3      | Noticed Robin
  4326 | D:3      | Killed Robin
  4816 | D:5      | Found a staircase to the Ecumenical Temple.
  4827 | Temple   | Entered the Ecumenical Temple
  4863 | Temple   | Became a worshipper of Gozag Ym Sagoz the Greedy
  5376 | D:6      | Reached XP level 9. HP: 67/72 MP: 9/9
  5687 | D:6      | Found a glowing drain.
  5719 | Sewer    | Entered a sewer
  6605 | D:7      | Reached skill level 5 in Conjurations
  6706 | D:7      | Reached skill level 5 in Fighting
  6719 | D:7      | Reached skill level 8 in Unarmed Combat
  6890 | D:7      | Found a radiant altar of Vehumet.
  6968 | D:7      | Found an ancient bone altar of Kikubaaqudgha.
  7000 | D:7      | Found a glowing golden altar of the Shining One.
  7045 | D:7      | Found a broken altar of Ashenzari.
  7525 | D:8      | Found Yply's Antique Armour Boutique.
  7528 | D:8      | Bought a hat for 100 gold pieces
  7703 | D:8      | Noticed Jeremiah
  7715 | D:8      | Killed Jeremiah
  7763 | D:8      | Reached skill level 9 in Unarmed Combat
  7932 | D:8      | Reached XP level 10. HP: 81/83 MP: 10/10
  8194 | D:8      | Found a shimmering altar of Xom.
  8398 | D:8      | Found a burning altar of Makhleb.
  8407 | D:8      | Noticed Grum
  8423 | D:8      | Killed Grum
  8573 | D:8      | Noticed Joseph
  8586 | D:8      | Killed Joseph
  9678 | D:9      | Noticed a cyclops
  9685 | D:9      | Found a staircase to the Lair.
  9711 | D:9      | Reached skill level 10 in Unarmed Combat
  9938 | D:9      | Killed a cyclops
 10308 | D:9      | Found a shimmering blue altar of Sif Muna.
 10555 | D:9      | Bought a glittering golden ring for 190 gold pieces
 10555 | D:9      | Identified the ring of the Oni {rF+ Will++ Slay+3} (You
                  | bought it in a shop on level 9 of the Dungeon)
 10555 | D:9      | Bought a pair of runed gloves for 285 gold pieces
 10568 | D:9      | Bought a fuming brown potion for 34 gold pieces
 10587 | D:10     | Entered Level 10 of the Dungeon
 10617 | D:10     | Reached XP level 11. HP: 52/92 MP: 11/11
 10762 | D:10     | Reached skill level 10 in Shapeshifting
 10958 | D:10     | Found a staircase to the Orcish Mines.
 11367 | D:10     | Noticed a death knight
 11367 | D:10     | Noticed a tengu warrior
 11367 | D:10     | Noticed a purple ugly thing
 11367 | D:10     | Noticed a boulder beetle
 11367 | D:10     | Noticed a centaur warrior
 11418 | D:11     | Noticed Fannar
 11438 | D:11     | Killed Fannar
 11439 | D:11     | Reached skill level 11 in Unarmed Combat
 11515 | D:11     | Found Loute's Book Emporium.
 11586 | D:11     | Found a flickering gateway to a bazaar.
 11677 | D:11     | Noticed a two-headed ogre
 11684 | D:11     | Killed a two-headed ogre
 11986 | D:11     | Found Iriwizob's Jewellery Emporium.
 11996 | D:11     | Engulfed by a cloud of freezing vapour

Illustrated notes

Levels and vault maps discovered:
D:1:      wander_arrival_lonely_grave, layout_rooms,
          dreamdust_princess_corridor, dreamdust_mushroom_princess
D:2:      layout_basic, uniq_terence
D:3:      layout_loops_cross, mainiacjoe_overflow_paths, uniq_robin
D:4:      layout_cave_pools, nicolae_overflow_crystal_walls,
          gup_ossuary_entry_pyramid
D:5:      layout_basic, mainiacjoe_overflow_surrounded_room,
          minmay_temple_entry_proselytizer
D:6:      layout_gridville, portal_sewer_entry_a
D:7:      layout_cave_pods, amcnicky_altar_gilded, vehumet_statue,
          cheibrodos_ashenzari_chains, tgw_kikubaaqudgha
D:8:      layout_basic, lemuel_crystal_altar, regret_index_xom_buried_treasure,
          serial_shops, kennysheep_mini_moat, palyth_stone_intersect,
          grunt_ministairs_9, uniq_joseph, uniq_jeremiah, uniq_grum
D:9:      layout_roguey, kennysheep_orc_sif_temple, hellmonk_lair_entry_icy
D:10:     minmay_shrinking_squares, layout_rooms, orc_0_dummy
D:11:     layout_cave_pools, serial_shops, freezing_bzr, shop,
          nicolae_shop_hallway_plus, uniq_fannar
Temple:   hellmonk_temple_forest_ring

Skill      XL: |  1  2  3  4  5  6  7  8  9 10 11 |
---------------+----------------------------------+-----
Dodging        | 2 |  2.8
Fighting       | 2 3 4 6 7 8 |  8.0
Shapeshifting  | 4 5 6 7 8 9 10 | 10.7
Unarmed Combat | 4 5 6 7 9 10 11 | 11.5
Conjurations   | 3 4 6 8 9 |  9.6

Action                     |  1- 3 |  4- 6 |  7- 9 | 10-12 || total
---------------------------+-------+-------+-------+-------++-------
  Melee: Unarmed           |    28 |   251 |   406 |   380 ||  1065
         Tailslap          |    12 |    29 |    75 |    69 ||   185
         Dagger            |    82 |    11 |       |       ||    93
         Punch             |       |    15 |     4 |       ||    19
 Invoke: Call Merchant     |       |       |       |     1 ||     1
         Potion Petition   |       |       |       |     1 ||     1
  Evoke: Wand              |       |       |     9 |     9 ||    18
    Use: Scroll            |     2 |    11 |    12 |     3 ||    28
         Potion            |       |     3 |     5 |     7 ||    15
   Stab: Sleeping          |       |     3 |     1 |       ||     4
         Distracted        |       |       |     1 |     1 ||     2
 Armour: Skin              |    53 |   155 |   206 |   165 ||   579
  Dodge: Dodged            |    59 |   115 |   296 |   231 ||   701
   Form: Flux              |       |       |     1 |       ||     1
